TOP OF THE 1ST |
Plumstead Eagles batting - Pitching for Barry's Bay Orioles : RHP Carl Jones
|
Pitching: RHP Carl Jones
|
|
Batting: LHB Dennis McConnell
|
0-0: Ball 1-0: Ball 2-0: Fly out, F6 (Flyball, 6D)
|
Batting: RHB Howard Johnson
|
0-0: Ball 1-0: Ball 2-0: Called Strike 2-1: Ground out 4-3 (Groundball, 4S)
|
Batting: RHB Diego Ledezma
|
0-0: Called Strike 0-1: Swinging Strike 0-2: Strikes out swinging
|
Top of the 1st over - 0 run(s), 0 hit(s), 0 error(s), 0 left on base; Plumstead 0 - Barry's Bay 0 |
BOTTOM OF THE 1ST |
Barry's Bay Orioles batting - Pitching for Plumstead Eagles : RHP Chris Jennings
|
Pitching: RHP Chris Jennings
|
|
Batting: LHB Ryan Rheaume
|
0-0: Ball 1-0: Ball 2-0: Ball 3-0: Base on Balls
|
Batting: RHB Jason Ward
|
0-0: Called Strike 0-1: Swinging Strike 0-2: Ball 1-2: Ground out 6-3 (Groundball, 6S) Ryan Rheaume to second
|
Batting: SHB Garrett Waller
|
0-0: Swinging Strike 0-1: Called Strike 0-2: Ball 1-2: Fly out, F8 (Flyball, 8LS)
|
Batting: LHB Joe Vásquez
|
0-0: Swinging Strike 0-1: Called Strike 0-2: Ball 1-2: Strikes out swinging
|
Bottom of the 1st over - 0 run(s), 0 hit(s), 0 error(s), 1 left on base; Plumstead 0 - Barry's Bay 0 |
TOP OF THE 2ND |
Plumstead Eagles batting - Pitching for Barry's Bay Orioles : RHP Carl Jones
|
Batting: RHB Wilson Durán
|
0-0: Ball 1-0: Called Strike 1-1: Ball 2-1: Ball 3-1: Base on Balls
|
Batting: RHB Rob Brady
|
0-0: Ball 1-0: Called Strike 1-1: Foul Ball, location: 2F 1-2: Strikes out looking Wilson Durán steals 2nd base Batter strikes out.
|
Batting: RHB Kolomon Meise
|
0-0: Called Strike 0-1: Swinging Strike 0-2: Ball 1-2: Ball 2-2: Ball 3-2: Strikes out swinging
|
Batting: RHB Carlos Palomón
|
0-0: Ball 1-0: Fly out, F7 (Flyball, 7S)
|
Top of the 2nd over - 0 run(s), 0 hit(s), 0 error(s), 1 left on base; Plumstead 0 - Barry's Bay 0 |
BOTTOM OF THE 2ND |
Barry's Bay Orioles batting - Pitching for Plumstead Eagles : RHP Chris Jennings
|
Batting: LHB T.J. Richardson
|
0-0: Ball 1-0: Ball 2-0: Ball 3-0: Base on Balls
|
Batting: RHB Troy González
|
0-0: Foul Ball, location: 2F 0-1: Ball 1-1: 2-RUN HOME RUN (Flyball, 89XD), Distance : 378 ft
|
Batting: RHB Octávio Aldeguer
|
0-0: Ball 1-0: Called Strike 1-1: Swinging Strike 1-2: Strikes out swinging
|
Batting: RHB Bill Pike
|
0-0: Foul Ball, location: 2F 0-1: Ball 1-1: Ball 2-1: Ground out 6-3 (Groundball, 6)
|
Batting: RHB Jim MacAchounich
|
0-0: Ball 1-0: Foul Ball, location: 2F 1-1: Fly out, F2 (Popup, 3S)
|
Bottom of the 2nd over - 2 run(s), 1 hit(s), 0 error(s), 0 left on base; Plumstead 0 - Barry's Bay 2 |
TOP OF THE 3RD |
Plumstead Eagles batting - Pitching for Barry's Bay Orioles : RHP Carl Jones
|
Batting: LHB Arturo Álvarez
|
0-0: Ball 1-0: Ball 2-0: Called Strike 2-1: SINGLE (Groundball, 4D)
|
Batting: RHB Will Anderson
|
0-0: Ball Arturo Álvarez steals 2nd base 1-0: Called Strike 1-1: Foul Ball, location: 2F 1-2: Ball 2-2: Foul Ball, location: 2F 2-2: Foul Ball, location: 2F 2-2: Strikes out looking
|
Batting: LHB Dennis McConnell
|
0-0: Ball 1-0: Ball 2-0: Ball 3-0: Base on Balls
|
Batting: RHB Howard Johnson
|
0-0: Foul Ball, location: 2F 0-1: Ball 1-1: Swinging Strike 1-2: Foul Ball, location: 2F 1-2: Strikes out swinging
|
Batting: RHB Diego Ledezma
|
0-0: Fly out, F9 (Flyball, 89M)
|
Top of the 3rd over - 0 run(s), 1 hit(s), 0 error(s), 2 left on base; Plumstead 0 - Barry's Bay 2 |
BOTTOM OF THE 3RD |
Barry's Bay Orioles batting - Pitching for Plumstead Eagles : RHP Chris Jennings
|
Batting: LHB Ryan Rheaume
|
0-0: Called Strike 0-1: Ball 1-1: Ground out U3 (Groundball, 34)
|
Batting: RHB Jason Ward
|
0-0: Ball 1-0: Ball 2-0: Called Strike 2-1: SINGLE (Flyball, 9LS)
|
Batting: SHB Garrett Waller
|
0-0: Ball 1-0: Swinging Strike 1-1: Called Strike 1-2: Strikes out looking
|
Batting: LHB Joe Vásquez
|
0-0: Called Strike Jason Ward steals 2nd base 0-1: Foul Ball, location: 2F 0-2: Ball 1-2: Ground out U3 (Groundball, 3)
|
Bottom of the 3rd over - 0 run(s), 1 hit(s), 0 error(s), 1 left on base; Plumstead 0 - Barry's Bay 2 |
TOP OF THE 4TH |
Plumstead Eagles batting - Pitching for Barry's Bay Orioles : RHP Carl Jones
|
Batting: RHB Wilson Durán
|
0-0: Ground out 5-3 (Groundball, 5L)
|
Batting: RHB Rob Brady
|
0-0: SINGLE (Groundball, 6) (infield hit)
|
Batting: RHB Kolomon Meise
|
0-0: Ball 1-0: SINGLE (Groundball, 6D) Rob Brady to second
|
Batting: RHB Carlos Palomón
|
0-0: Foul Ball, location: 2F 0-1: Ball 1-1: Ball Kolomon Meise is caught stealing 2nd base 2-1: Foul Ball, location: 2F 2-2: Ball 3-2: SINGLE (Groundball, 6MD) Rob Brady scores
|
Batting: LHB Arturo Álvarez
|
0-0: Fly out, F7 (Flyball, 78M)
|
Top of the 4th over - 1 run(s), 3 hit(s), 0 error(s), 1 left on base; Plumstead 1 - Barry's Bay 2 |
BOTTOM OF THE 4TH |
Barry's Bay Orioles batting - Pitching for Plumstead Eagles : RHP Chris Jennings
|
Batting: LHB T.J. Richardson
|
0-0: Ball 1-0: Ball 2-0: Ball 3-0: Called Strike 3-1: Called Strike 3-2: Foul Ball, location: 2F 3-2: Strikes out swinging
|
Batting: RHB Troy González
|
0-0: Ball 1-0: Called Strike 1-1: Ball 2-1: Swinging Strike 2-2: Strikes out swinging
|
Batting: RHB Octávio Aldeguer
|
0-0: Called Strike 0-1: Ball 1-1: Ground out 6-3 (Groundball, 56)
|
Bottom of the 4th over - 0 run(s), 0 hit(s), 0 error(s), 0 left on base; Plumstead 1 - Barry's Bay 2 |
TOP OF THE 5TH |
Plumstead Eagles batting - Pitching for Barry's Bay Orioles : RHP Carl Jones
|
Batting: RHB Will Anderson
|
0-0: Called Strike 0-1: Ball 1-1: Fly out, F8 (Flyball, 8LM)
|
Batting: LHB Dennis McConnell
|
0-0: Ground out 6-3 (Groundball, 6)
|
Batting: RHB Howard Johnson
|
0-0: Called Strike 0-1: Called Strike 0-2: Ball 1-2: Strikes out swinging
|
Top of the 5th over - 0 run(s), 0 hit(s), 0 error(s), 0 left on base; Plumstead 1 - Barry's Bay 2 |
BOTTOM OF THE 5TH |
Barry's Bay Orioles batting - Pitching for Plumstead Eagles : RHP Chris Jennings
|
Batting: RHB Bill Pike
|
0-0: Called Strike 0-1: Foul Ball, location: 2F 0-2: Ball 1-2: Ball 2-2: Ground out 1-3 (Groundball, P)
|
Batting: RHB Jim MacAchounich
|
0-0: Ball 1-0: Foul Ball, location: 2F 1-1: Foul Ball, location: 2F 1-2: Ball 2-2: Reached on error, E4 (Groundball, 4)
|
Pitching: RHP Archie King
|
|
Batting: LHB Ryan Rheaume
|
0-0: Ball 1-0: Foul Ball, location: 2F 1-1: Ball 2-1: Ball 3-1: Base on Balls
|
Batting: RHB Jason Ward
|
0-0: Swinging Strike 0-1: Ball 1-1: Ball 2-1: Swinging Strike 2-2: Ball 3-2: Fly out, F7 (Flyball, 7LS)
|
Batting: SHB Garrett Waller
|
0-0: Fielders Choice at 2nd, 4-6 (Groundball, 4)
|
Bottom of the 5th over - 0 run(s), 0 hit(s), 1 error(s), 1 left on base; Plumstead 1 - Barry's Bay 2 |
TOP OF THE 6TH |
Plumstead Eagles batting - Pitching for Barry's Bay Orioles : RHP Carl Jones
|
Batting: RHB Diego Ledezma
|
0-0: Ball 1-0: Called Strike 1-1: Foul Ball, location: 2F 1-2: Fly out, F7 (Flyball, 7LM)
|
Batting: RHB Wilson Durán
|
0-0: Called Strike 0-1: Swinging Strike 0-2: Strikes out swinging
|
Batting: RHB Rob Brady
|
0-0: Foul Ball, location: 2F 0-1: Ball 1-1: Foul Ball, location: 2F 1-2: Ball 2-2: SINGLE (Groundball, 34D)
|
Batting: RHB Kolomon Meise
|
0-0: Ball 1-0: Called Strike 1-1: Swinging Strike 1-2: Ball 2-2: Strikes out looking
|
Top of the 6th over - 0 run(s), 1 hit(s), 0 error(s), 1 left on base; Plumstead 1 - Barry's Bay 2 |
BOTTOM OF THE 6TH |
Barry's Bay Orioles batting - Pitching for Plumstead Eagles : RHP Archie King
|
Batting: LHB Joe Vásquez
|
0-0: Called Strike 0-1: Ball 1-1: DOUBLE (Flyball, 7LD)
|
Batting: LHB T.J. Richardson
|
0-0: Intentional Walk
|
Batting: RHB Troy González
|
0-0: Called Strike 0-1: Ground out 6-3 (Groundball, 56D) Joe Vásquez to third T.J. Richardson to second
|
Batting: RHB Octávio Aldeguer
|
0-0: Intentional Walk
|
Batting: RHB Bill Pike
|
0-0: Foul Ball, location: 2F 0-1: Called Strike 0-2: Ball 1-2: Ball 2-2: Strikes out swinging
|
Batting: RHB Jim MacAchounich
|
0-0: Fly out, F3 (Popup, 3D)
|
Bottom of the 6th over - 0 run(s), 1 hit(s), 0 error(s), 3 left on base; Plumstead 1 - Barry's Bay 2 |
TOP OF THE 7TH |
Plumstead Eagles batting - Pitching for Barry's Bay Orioles : RHP Carl Jones
|
Batting: RHB Carlos Palomón
|
0-0: Foul Ball, location: 2F 0-1: Hit by Pitch
|
Pitching: LHP Bernardo Valero
|
|
Batting: LHB Arturo Álvarez
|
0-0: Sac Bunt - play at first, batter OUT! 5-4 Carlos Palomón to second
|
Pinch Hitting: RHB Edmund Swanson
|
0-0: Ball 1-0: Foul Ball, location: 2F 1-1: Foul Ball, location: 2F 1-2: Fly out, F7 (Flyball, 78S)
|
Pitching: RHP Richard Manley
|
|
Batting: LHB Dennis McConnell
|
0-0: Ball 1-0: Ball 2-0: Ball 3-0: Called Strike 3-1: Base on Balls
|
Pinch Hitting: LHB Ramón Morán
|
0-0: Ball 1-0: Ball 2-0: Foul Ball, location: 2F 2-1: Ball 3-1: SINGLE (Flyball, 8LS) Carlos Palomón to third Dennis McConnell to second Runner from 3rd tries for Home, SAFE, no throw
|
Batting: RHB Diego Ledezma
|
0-0: Called Strike 0-1: Ball 1-1: Called Strike 1-2: Strikes out swinging
|
Top of the 7th over - 1 run(s), 1 hit(s), 0 error(s), 2 left on base; Plumstead 2 - Barry's Bay 2 |
BOTTOM OF THE 7TH |
Barry's Bay Orioles batting - Pitching for Plumstead Eagles : RHP Archie King
|
Now at 2B: Lúcio Alfaro
|
|
Now in RF: Ramón Morán
|
|
Batting: LHB Ryan Rheaume
|
0-0: Called Strike 0-1: Foul Ball, location: 2F 0-2: Ground out U3 (Groundball, 34)
|
Batting: RHB Jason Ward
|
0-0: Ground out 3-1 (Groundball, 34)
|
Batting: SHB Garrett Waller
|
0-0: Ball 1-0: Ball 2-0: Ball 3-0: Base on Balls
|
Batting: LHB Joe Vásquez
|
0-0: Ball 1-0: Foul Ball, location: 2F 1-1: Ball 2-1: Swinging Strike 2-2: Foul Ball, location: 2F 2-2: Ball 3-2: Foul Ball, location: 2F 3-2: Foul Ball, location: 2F 3-2: Base on Balls Garrett Waller to second
|
Batting: LHB T.J. Richardson
|
0-0: Called Strike 0-1: Foul Ball, location: 2F 0-2: Ball 1-2: Strikes out swinging
|
Bottom of the 7th over - 0 run(s), 0 hit(s), 0 error(s), 2 left on base; Plumstead 2 - Barry's Bay 2 |
TOP OF THE 8TH |
Plumstead Eagles batting - Pitching for Barry's Bay Orioles : RHP Richard Manley
|
Pinch Hitting: LHB Júlio Lorenzo
|
0-0: Fly out, F7 (Flyball, 7LMF)
|
Batting: RHB Rob Brady
|
0-0: SINGLE (Line Drive, 89S)
|
Batting: RHB Kolomon Meise
|
0-0: Foul Ball, location: 2F 0-1: Foul Ball, location: 2F 0-2: Strikes out swinging
|
Pinch Hitting: LHB Ryan Flynn
|
0-0: Ball 1-0: Called Strike 1-1: Called Strike 1-2: Foul Ball, location: 2F 1-2: Fly out, F8 (Flyball, 8RM)
|
Top of the 8th over - 0 run(s), 1 hit(s), 0 error(s), 1 left on base; Plumstead 2 - Barry's Bay 2 |
BOTTOM OF THE 8TH |
Barry's Bay Orioles batting - Pitching for Plumstead Eagles : RHP Archie King
|
Now at SS: Allen Hobbs
|
|
Now in LF: Júlio Lorenzo
|
|
Batting: RHB Troy González
|
0-0: Ball 1-0: Foul Ball, location: 2F 1-1: SINGLE (Groundball, 34D)
|
Batting: RHB Octávio Aldeguer
|
0-0: Sac Bunt - play at second, runner OUT! 1-6
|
Batting: RHB Bill Pike
|
0-0: Ball Octávio Aldeguer is caught stealing 2nd base 1-0: Ball 2-0: Ball 3-0: Base on Balls
|
Pinch Hitting: SHB Terry Christian
|
0-0: Ball Wild Pitch! Bill Pike to second 1-0: Foul Ball, location: 2F 1-1: Ball 2-1: Swinging Strike 2-2: Strikes out swinging
|
Bottom of the 8th over - 0 run(s), 1 hit(s), 0 error(s), 1 left on base; Plumstead 2 - Barry's Bay 2 |
TOP OF THE 9TH |
Plumstead Eagles batting - Pitching for Barry's Bay Orioles : RHP Richard Manley
|
Pitching: LHP Mathew Bentley
|
|
Now at 3B: Manny Gutiérrez
|
|
Pinch Hitting: RHB Matt Thompson
|
0-0: Ball 1-0: Foul Ball, location: 2F 1-1: Called Strike 1-2: Strikes out swinging
|
Batting: RHB Lúcio Alfaro
|
0-0: Ball 1-0: Called Strike 1-1: Ball 2-1: Foul Ball, location: 2F 2-2: Ball 3-2: SINGLE (Groundball, 4D)
|
Pinch Hitting: RHB David Rodríguez
|
0-0: Ball 1-0: Called Strike 1-1: Foul Ball, location: 2F 1-2: Foul Ball, location: 2F 1-2: SINGLE (Groundball, 34D) Lúcio Alfaro to second Runner from 2nd tries for 3rd, SAFE, throw made to third
|
Pinch Hitting: SHB José Rincón
|
0-0: Called Strike 0-1: Ball 1-1: Called Strike 1-2: Strikes out swinging
|
Batting: RHB Diego Ledezma
|
0-0: Swinging Strike 0-1: Ball 1-1: Ball 2-1: Swinging Strike 2-2: Fielders Choice at 2nd, 6-4 (Groundball, 6)
|
Top of the 9th over - 0 run(s), 2 hit(s), 0 error(s), 1 left on base; Plumstead 2 - Barry's Bay 2 |
BOTTOM OF THE 9TH |
Barry's Bay Orioles batting - Pitching for Plumstead Eagles : RHP Archie King
|
Pitching: RHP Jesús Manuel
|
|
Now in LF: Roberto Rodríguez
|
|
Now in CF: Jason Powers
|
|
Now in RF: José Rincón
|
|
Batting: LHB Ryan Rheaume
|
0-0: Ball 1-0: SINGLE (Groundball, 34) (infield hit)
|
Batting: RHB Jason Ward
|
0-0: Ball 1-0: Ball 2-0: Foul Ball, location: 2F 2-1: Called Strike 2-2: Foul Ball, location: 2F 2-2: Foul Ball, location: 2F 2-2: Foul Ball, location: 2F 2-2: Ball 3-2: Strikes out looking
|
Batting: SHB Garrett Waller
|
0-0: Ball 1-0: Ball Throwing error on steal attempt, E2 Ryan Rheaume to third 2-0: Intentional Walk
|
Batting: LHB Joe Vásquez
|
0-0: Called Strike 0-1: Swinging Strike 0-2: Strikes out swinging
|
Batting: LHB T.J. Richardson
|
0-0: Foul Ball, location: 2F 0-1: Ball 1-1: Ball 2-1: Ball 3-1: Base on Balls Garrett Waller to second
|
Batting: RHB Troy González
|
0-0: Called Strike 0-1: Ball 1-1: Ball 2-1: Ball 3-1: Foul Ball, location: 2F 3-2: SINGLE (Flyball, 8LS) Ryan Rheaume scores
|
Tuesday, August 8th, 2017 - OOTP Baseball 17.12 Build 75
|
|